Map: Ascension to Aiur LE

Players

herO

  • Race: Protoss Protoss
  • League: Master
  • Spawn Location: 5:00

TYTY - Winner!

  • Race: Terran Terran
  • Spawn Location: 11:00

VOD

Have the link to the VOD?

Description

Time

  • Played on: July 29, 2017, 9:12 p.m.
  • Length: 11:31
Show
View Real Time Build Order
Export as new Build Order

herO Protoss 

Build Orders: 1 Gate Expand 

Get SALT Encoding   

  12  0:00  Probe (Chrono Boost)  
  13  0:11  Probe (Chrono Boost)  
  14  0:17  Pylon  
  14  0:22  Probe (Chrono Boost)  
  15  0:35  Probe (Chrono Boost), Gateway  
  16  0:42  Assimilator  
  16  0:45  Probe (Chrono Boost)  
  17  0:56  Probe (Chrono Boost)  
  18  1:07  Probe (Chrono Boost)  
  19  1:17  Probe (Chrono Boost)  
  20  1:23  Nexus  
  20  1:34  Cybernetics Core  
  20  1:37  Probe (Chrono Boost)  
  21  1:41  Assimilator  
  21  1:48  Probe (Chrono Boost)  
  21  1:52  Pylon  
  22  1:58  Probe (Chrono Boost)  
  22  2:01  Warp Gate  
  22  2:11  Mothership Core (Chrono Boost)  
  22  2:15  Adept  
  26  2:29  Probe (Chrono Boost)  
  27  2:35  Probe (Chrono Boost)  
  28  2:38  Robotics Facility  
  28  2:39  Probe (Chrono Boost)  
  29  2:46  Probe (Chrono Boost)  
  29  2:50  Probe (Chrono Boost)  
  31  2:54  Stalker (Chrono Boost)  
  31  2:55  Pylon  
  33  3:02  Pylon  
  30  3:13  Pylon  
  27  3:20  Stalker (Chrono Boost)  
  27  3:26  Immortal (Chrono Boost)  
  33  3:40  Gateway  
  32  3:47  Gateway  
  32  3:49  Probe  
  32  3:52  Probe  
  34  4:05  Probe (Chrono Boost)  
  34  4:06  Observer, Probe (Chrono Boost)  
  37  4:11  Twilight Council  
  37  4:18  Probe x2 (Chrono Boost)  
  37  4:22  Stalker  
  41  4:29  Observer, Probe x2 (Chrono Boost)  
  44  4:39  Probe x2 (Chrono Boost)  
  46  4:50  Probe x2 (Chrono Boost)  
  46  4:51  Dark Shrine  
  48  4:53  Warp Prism (Chrono Boost)  
  50  5:00  Probe x2 (Chrono Boost)  
  50  5:05  Assimilator  
  50  5:06  Assimilator  
  52  5:09  Probe (Chrono Boost)  
  52  5:10  Probe (Chrono Boost)  
  54  5:14  Pylon  
  54  5:17  Pylon  
  54  5:22  Blink (Chrono Boost)  
  54  5:32  Probe x2 (Chrono Boost)  
  56  5:43  Probe x2 (Chrono Boost), Robotics Bay  
  56  5:46  Pylon  
  58  5:54  Zealot, Probe x2 (Chrono Boost)  
  62  6:04  Probe x2 (Chrono Boost), Dark Templar  
  62  6:05  Dark Templar  
  68  6:16  Forge  
  66  6:19  Forge  
  66  6:22  Probe x2 (Chrono Boost), Dark Templar  
  68  6:36  Colossus (Chrono Boost)  
  72  6:42  Probe, Gateway  
  72  6:44  Probe  
  74  6:47  Dark Templar  
  74  6:54  Nexus  
  76  6:59  Probe, Pylon  
  76  7:00  Probe  
  78  7:07  Protoss Ground Armor Level 1 (Chrono Boost)  
  77  7:12  Sentry  
  77  7:16  Pylon  
  77  7:18  Pylon  
  77  7:22  Pylon  
  77  7:24  Gateway  
  74  7:35  Probe, Twilight Council  
  74  7:36  Probe  
  82  7:40  Zealot x4  
  90  7:55  Colossus  
  90  7:57  Probe  
  90  7:58  Probe  
  87  8:04  Stalker x3  
  92  8:09  Probe  
  92  8:10  Probe  
  91  8:13  Pylon  
  91  8:16  Forge  
  91  8:18  Nexus  
  91  8:20  Pylon  
  91  8:25  Probe x2  
  93  8:30  Charge  
  93  8:36  Zealot x2, Sentry x2  
  93  8:40  Probe x2  
  103  8:42  Pylon  
  103  8:49  Protoss Ground Armor Level 2 (Chrono Boost)  
  103  8:52  Probe, Protoss Ground Weapons Level 1 (Chrono Boost)  
  103  8:53  Probe  
  105  9:08  Zealot, Stalker  
  105  9:09  Stalker  
  111  9:13  Probe x2  
  113  9:22  Pylon  
  113  9:25  Immortal (Chrono Boost)  
  113  9:30  Mothership Core  
  119  9:34  Assimilator  
  119  9:37  Zealot, Assimilator  
  121  9:42  Sentry  
  121  9:43  Zealot  
  121  9:45  Probe  
  125  9:47  Probe  
  127  9:57  Pylon  
  127  10:02  Stalker x2  
  127  10:03  Zealot x2  
  135  10:08  Immortal (Chrono Boost)  
  135  10:11  Pylon  
  117  10:21  Stalker  
  117  10:24  Stalker x2  
  103  10:30  Stalker x2  
  85  10:46  Dark Templar  
  85  10:48  Zealot  
  85  10:49  Zealot  
  85  11:04  Dark Templar  
  85  11:07  Dark Templar  
  87  11:14  Zealot x2  
  92  11:23  Zealot  
Show
View Real Time Build Order
Export as new Build Order

TYTY Terran - Winner!

Build Orders: Cyclone Opening, MMM Bio 

Get SALT Encoding   

  12  0:00  SCV  
  13  0:12  SCV  
  14  0:17  Supply Depot  
  14  0:24  SCV  
  14  0:28  Refinery  
  15  0:38  SCV  
  16  0:45  Barracks  
  16  0:50  SCV  
  17  1:03  SCV  
  18  1:15  SCV  
  19  1:31  Marine  
  21  1:34  Factory, Orbital Command  
  20  1:47  Supply Depot  
  20  1:49  Marine  
  21  2:01  SCV  
  22  2:07  Marine  
  23  2:13  SCV  
  24  2:17  Cyclone  
  27  2:25  SCV  
  29  2:30  Supply Depot  
  29  2:33  Barracks Reactor  
  28  2:38  Command Center  
  28  2:41  SCV  
  29  2:50  Refinery  
  29  2:59  Bunker  
  29  3:02  Cyclone  
  33  3:05  SCV  
  33  3:09  Marine  
  33  3:17  SCV  
  33  3:25  Marine  
  33  3:27  Marine  
  32  3:29  SCV  
  33  3:35  Cyclone  
  36  3:42  SCV  
  36  3:46  Marine x2  
  39  3:51  Orbital Command, Barracks  
  39  3:54  SCV  
  40  4:06  Marine x2  
  40  4:08  SCV  
  40  4:19  SCV  
  40  4:20  SCV  
  40  4:23  Bunker  
  36  4:29  Marine x2, Barracks  
  36  4:31  SCV  
  39  4:35  SCV  
  40  4:39  Barracks Tech Lab  
  40  4:43  SCV  
  40  4:44  Engineering Bay  
  41  4:46  Marine x2  
  41  4:47  SCV  
  44  4:55  SCV  
  44  4:57  Marine  
  44  4:58  Stimpack  
  44  4:59  SCV  
  47  5:01  Supply Depot  
  47  5:04  Marine  
  47  5:06  Marine  
  49  5:07  SCV  
  49  5:08  Starport  
  49  5:11  Terran Infantry Weapons Level 1  
  49  5:13  SCV  
  51  5:14  Missile Turret  
  51  5:15  Marine  
  51  5:17  Barracks Reactor  
  52  5:22  Marine, SCV  
  52  5:23  Supply Depot  
  52  5:24  Marine  
  52  5:26  SCV  
  56  5:28  Refinery  
  56  5:34  SCV  
  57  5:37  Marine  
  57  5:38  SCV  
  57  5:40  Marine  
  57  5:42  Marine  
  60  5:49  SCV, Supply Depot  
  61  5:57  Medivac x2  
  61  5:58  SCV  
  61  5:59  Barracks Tech Lab  
  66  6:06  SCV, Factory Reactor  
  66  6:08  Supply Depot  
  66  6:10  Missile Turret, Command Center  
  67  6:12  Marine x2  
  67  6:13  Marine  
  70  6:18  SCV x2  
  70  6:19  Missile Turret  
  70  6:24  Marine  
  68  6:30  Marine, Medivac  
  70  6:33  Missile Turret  
  70  6:36  Medivac  
  70  6:42  Marine x2  
  70  6:43  Marine  
  70  6:44  SCV x2  
  75  6:48  Supply Depot  
  75  6:49  Widow Mine  
  75  6:51  Combat Shields, Widow Mine  
  79  6:56  SCV  
  82  7:01  Marauder  
  82  7:02  Marauder  
  82  7:03  SCV  
  85  7:14  Medivac  
  87  7:18  SCV  
  87  7:19  SCV  
  87  7:20  Viking  
  93  7:23  Marine  
  93  7:34  Orbital Command  
  93  7:36  Marine x2  
  91  7:37  SCV x2  
  89  7:45  Barracks  
  89  7:46  Viking  
  89  7:47  Barracks  
  89  7:53  SCV, Marine  
  89  7:55  Marauder  
  93  8:04  Marauder  
  93  8:07  Marine  
  93  8:11  Marine  
  93  8:12  Viking  
  97  8:14  Missile Turret  
  97  8:16  Marauder  
  97  8:17  Refinery, Viking  
  101  8:20  Supply Depot  
  101  8:21  Factory Tech Lab  
  101  8:22  Orbital Command  
  101  8:23  Terran Infantry Armor Level 1  
  101  8:27  Marauder, Marine  
  101  8:29  Marine  
  101  8:33  SCV x2  
  107  8:43  Viking  
  107  8:44  Supply Depot  
  107  8:45  Supply Depot  
  113  8:48  Viking  
  113  8:50  Marauder  
  113  8:51  Marauder  
  113  8:53  Marauder  
  117  8:58  Missile Turret  
  117  8:59  Supply Depot  
  117  9:00  Supply Depot  
  117  9:06  Marine x3, SCV x3  
  122  9:13  Viking  
  124  9:18  SCV x3, Viking  
  124  9:21  Marauder, Marine  
  124  9:22  Marauder  
  135  9:24  Marauder  
  135  9:27  Marine  
  135  9:30  SCV x3  
  139  9:31  Marine x2  
  139  9:32  Liberator  
  139  9:35  Supply Depot x2  
  139  9:36  Concussive Shells  
  139  9:37  Supply Depot  
  141  9:43  Liberator, Marauder  
  141  9:44  Marine x2, Engineering Bay  
  141  9:45  Armory  
  145  9:50  Marine  
  149  9:56  Marine  
  149  9:58  Marine, Supply Depot x2  
  151  10:03  Supply Depot  
  146  10:26  Marauder x2, Marine x2  
  146  10:27  Liberator x2, SCV x2  
  131  10:44  Marine x2  
  136  10:53  Marine x2, Command Center  
  136  10:54  Marauder x2  
  136  10:56  SCV  
  143  10:57  SCV  
  143  10:59  Marine  
  143  11:02  Marine  
  145  11:04  Barracks  
  145  11:05  Starport  
  145  11:08  Marine  
  145  11:10  Marine  
  151  11:20  Barracks  
Tags
 
Add a new tag
Caveats
  • Supply blocks, unpowered buildings, or Contaminate may cause inaccurate times.
  • Supply counts are checked every 10 seconds.